 Dungeon Crawl Stone Soup version 0.29-a0-275-g389c0b56f3 (webtiles) character file.

Game seed: 9206946034610626798

105 testman the Vandal (level 4, -5/41 HPs)
             Began as a Gnoll Wanderer on Mar 9, 2022.
             Slain by an orc priest
             ... wielding a +0 morningstar
              (9 damage)
             ... on level 3 of the Dungeon.
             The game lasted 00:06:11 (2262 turns).

testman the Vandal (Gnoll Wanderer)                 Turns: 2262, Time: 00:06:11

Health: -5/41      AC:  3    Str: 22    XL:     4   Next: 81%
Magic:  5/5        EV: 11    Int:  7    God:
Gold:   93         SH:  0    Dex: 11    Spells: 5/5 levels left

rFire   . . .      SeeInvis .   r - +6 dagger of Aniycif {chaos, +Blink Str+4}
rCold   . . .      Faith    .   (no shield)
rNeg    . . .      Spirit   .   f - +0 leather armour
rPois   .          Reflect  .   (no helmet)
rElec   .          Harm     .   (no cloak)
rCorr   .          Rampage  .   (no gloves)
Will    .....                   (no boots)
Stlth   +.........              (no amulet)
HPRegen 0.13/turn               w - +4 ring of slaying
MPRegen 0.09/turn               (no ring)

@: no status effects
A: fangs 1, strong nose, distributed training
a: Evoke Blink


You were on level 3 of the Dungeon.
You visited 1 branch of the dungeon, and saw 3 of its levels.

You collected 93 gold pieces.

Inventory:

Hand Weapons
 a - a +2 hunting sling
 j - a +2 dagger of holy wrath
 o - a +0 dire flail
 r - the +6 dagger of Aniycif (weapon) {chaos, +Blink Str+4}
   (You found it on level 2 of the Dungeon)

   Each time it hits an enemy it has a different, random effect.
   Str:       It affects your strength (+4).
   +Blink:    It lets you blink.
Missiles
 b - 51 stones
 c - 18 poisoned darts (quivered)
Armour
 f - a +0 leather armour (worn)
Magical Staves
 k - a staff of poison
Jewellery
 w - a +4 ring of slaying (left hand)
Scrolls
 d - 4 scrolls of fear {unknown}
 g - 2 scrolls of noise {unknown}
 h - 2 scrolls of amnesia {unknown}
 n - 2 scrolls of teleportation {unknown}
 p - a scroll of identify {unknown}
 q - a scroll of enchant armour {unknown}
 s - a scroll of acquirement {unknown}
 t - a scroll of enchant weapon {unknown}
 u - 2 scrolls of fog {unknown}
Potions
 e - a potion of attraction
 i - a potion of might {unknown}
 l - a potion of brilliance {unknown}
 m - 2 potions of curing {unknown}
 v - a potion of ambrosia {unknown}


   Skills:
 + Level 6.6 Fighting
 + Level 1.2 Short Blades
 + Level 1.2 Long Blades
 + Level 1.2 Axes
 + Level 4.7 Maces & Flails
 + Level 1.2 Polearms
 + Level 1.2 Staves
 + Level 6.6 Slings
 + Level 1.2 Bows
 + Level 1.2 Crossbows
 + Level 2.8 Throwing
 + Level 2.8 Armour
 + Level 1.2 Dodging
 + Level 1.2 Stealth
 + Level 1.2 Shields
 + Level 1.2 Unarmed Combat
 + Level 1.2 Spellcasting
 + Level 1.0 Conjurations
 + Level 1.0 Hexes
 + Level 1.0 Summonings
 + Level 1.0 Necromancy
 + Level 1.0 Translocations
 + Level 1.0 Transmutations
 + Level 1.0 Fire Magic
 + Level 1.0 Ice Magic
 + Level 1.0 Air Magic
 + Level 1.0 Earth Magic
 + Level 1.0 Poison Magic
 + Level 1.4 Invocations
 + Level 1.2 Evocations


You had 5 spell levels left.
You didn't know any spells.
Your spell library contained the following spells:

 Spells                   Type           Power      Damage    Failure   Level
 Magic Dart               Conj           4%         1d3       30%         1
 Pain                     Necr           4%         1d4       30%         1
 Call Imp                 Summ           1%         N/A       43%         2
 Mephitic Cloud           Conj/Pois/Air  1%         N/A       67%         3
 Agony                    Necr           1%         N/A       100%        5
 Excruciating Wounds      Necr           0%         N/A       100%        5


Dungeon Overview and Level Annotations

Branches:
Dungeon (3/15)

Altars:


Innate Abilities, Weirdness & Mutations

You have very sharp teeth.
Your uncanny sense of smell can sniff out nearby items.
Your experience applies equally to all skills.


Message History

The orc wizard barely misses you.
The orc priest invokes the aid of Beogh against you.
Beogh smites you!
A frilled lizard comes into view.
The frilled lizard hisses angrily.
You puncture the orc wizard!
The orc wizard is heavily wounded.
You hit the orc wizard.
You kill the orc wizard!
The orc hits you with a +0 flail.
Your Conjurations skill increases to level 1!
Your Hexes skill increases to level 1!
Your Summonings skill increases to level 1!
Your Necromancy skill increases to level 1!
Your Translocations skill increases to level 1!
Your Transmutations skill increases to level 1!
Your Fire Magic skill increases to level 1!
Your Ice Magic skill increases to level 1!
Your Air Magic skill increases to level 1!
Your Earth Magic skill increases to level 1!
Your Poison Magic skill increases to level 1!
You hit the orc priest.
The orc priest is heavily wounded.
The orc priest blinks!
The orc priest hits your ball python zombie with a +0 morningstar!
Your ball python zombie is destroyed!
The orc hits you with a +0 flail.
You hit the orc.
The orc resists with significant effort.
The orc is moderately wounded.
The orc hits you with a +0 flail.
You puncture the orc!
You kill the orc!
The orc priest hits you with a +0 morningstar.
* * * LOW HITPOINT WARNING * * *
The orc priest hits you with a +0 war axe.
* * * LOW HITPOINT WARNING * * *
You fail to use your ability.
The orc priest hits you with a +0 morningstar!
You die...

... ...##' ....... .....
....... #.. #l########
##.. #oo).....#
.#..##.)@o....# ######
#.#..##.........#
......##.#..##.#.......#
...............#.#####.#
...<#...###..###.# #
...............#..
....#.#)###..#.#.#
.......)..)..#(#..
###.#.#..##..#.#.#


You could see 2 orc priests, an orc and a frilled lizard.

Vanquished Creatures
  2 orc wizards (D:3)
  3 orcs (D:3)
  4 endoplasms
  3 giant cockroaches
  3 goblins
  3 hobgoblins
  6 jackals
  3 quokkas
  3 ball pythons
  6 bats
  3 frilled lizards
  8 kobolds
  3 rats
50 creatures vanquished.

Notes
Turn   | Place    | Note
-------+----------+-------------------------------------------
     0 | D:1      | testman the Gnoll Wanderer began the quest for the Orb.
     0 | D:1      | testman set off with the following items: a +2 hunting
                  | sling, a +0 mace, 13 poisoned darts, a +0 dagger, a potion
                  | of attraction, a +0 leather armour
     0 | D:1      | Reached XP level 1. HP: 23/23 MP: 1/1
   342 | D:1      | Reached XP level 2. HP: 29/29 MP: 2/2
   989 | D:2      | Identified the +6 dagger of Aniycif {chaos, +Blink Str+4}
  1012 | D:2      | Reached XP level 3. HP: 26/35 MP: 3/3
  1628 | D:3      | Reached skill level 1 in Invocations
  2080 | D:3      | Reached skill level 1 in Short Blades
  2080 | D:3      | Reached skill level 1 in Long Blades
  2080 | D:3      | Reached skill level 1 in Axes
  2080 | D:3      | Reached skill level 1 in Polearms
  2080 | D:3      | Reached skill level 1 in Staves
  2080 | D:3      | Reached skill level 1 in Bows
  2080 | D:3      | Reached skill level 1 in Crossbows
  2080 | D:3      | Reached skill level 1 in Dodging
  2080 | D:3      | Reached skill level 1 in Stealth
  2080 | D:3      | Reached skill level 1 in Shields
  2080 | D:3      | Reached skill level 1 in Unarmed Combat
  2080 | D:3      | Reached skill level 1 in Spellcasting
  2080 | D:3      | Reached skill level 1 in Evocations
  2091 | D:3      | Reached XP level 4. HP: 23/41 MP: 5/5
  2259 | D:3      | Reached skill level 1 in Conjurations
  2259 | D:3      | Reached skill level 1 in Hexes
  2259 | D:3      | Reached skill level 1 in Summonings
  2259 | D:3      | Reached skill level 1 in Necromancy
  2259 | D:3      | Reached skill level 1 in Translocations
  2259 | D:3      | Reached skill level 1 in Transmutations
  2259 | D:3      | Reached skill level 1 in Fire Magic
  2259 | D:3      | Reached skill level 1 in Ice Magic
  2259 | D:3      | Reached skill level 1 in Air Magic
  2259 | D:3      | Reached skill level 1 in Earth Magic
  2259 | D:3      | Reached skill level 1 in Poison Magic
  2262 | D:3      | Slain by an orc priest

Illustrated notes

Levels and vault maps discovered:
D:1:      tarquinn_simple_flora_water_d, layout_basic, solitary_fountain
D:2:      layout_basic, kennysheep_generic_room_7
D:3:      layout_basic, basic_ecumenical_altar, uniq_crazy_yiuf_cottage

Skill      XL: |  1  2  3  4 |
---------------+-------------+-----
Invocations    | 1 |  1.4
Short Blades   | 1 |  1.2
Long Blades    | 1 |  1.2
Axes           | 1 |  1.2
Polearms       | 1 |  1.2
Staves         | 1 |  1.2
Bows           | 1 |  1.2
Crossbows      | 1 |  1.2
Dodging        | 1 |  1.2
Stealth        | 1 |  1.2
Shields        | 1 |  1.2
Unarmed Combat | 1 |  1.2
Spellcasting   | 1 |  1.2
Evocations     | 1 |  1.2
Conjurations   | 1 |  1.0
Hexes          | 1 |  1.0
Summonings     | 1 |  1.0
Necromancy     | 1 |  1.0
Translocations | 1 |  1.0
Transmutations | 1 |  1.0
Fire Magic     | 1 |  1.0
Ice Magic      | 1 |  1.0
Air Magic      | 1 |  1.0
Earth Magic    | 1 |  1.0
Poison Magic   | 1 |  1.0
Fighting       | |  6.6
Maces & Flails | |  4.7
Slings         | |  6.6
Throwing       | |  2.8
Armour         | |  2.8

Action                   |  1- 3 |  4- 6 || total
-------------------------+-------+-------++-------
Melee: Dagger            |    78 |     8 ||    86
       Bite              |     8 |       ||     8
 Fire: Hunting sling     |    40 |       ||    40
Throw: Dart              |     1 |       ||     1
Armor: Leather armour    |    22 |     2 ||    24
Dodge: Dodged            |    56 |     5 ||    61

Table legend: (Time is in decaauts)
 A = Elapsed time spent in this place.
 B = Non-inter-level travel time spent in this place.
 C = Inter-level travel time spent in this place.
 D = Time resting spent in this place.
 E = Time spent auto-exploring this place.
 F = Levels seen in this place.
 G = Mean time per level.
                   A        B        C        D        E       F      G
               +--------+--------+--------+--------+--------+-----+--------+
         Total |   2265 |   2201 |     64 |    376 |   1524 |   3 |  755.0 |
       Dungeon |   2265 |   2201 |     64 |    376 |   1524 |   3 |  755.0 |
               +--------+--------+--------+--------+--------+-----+--------+

Top non-repeatable levels by time:
     D:2: 893 daAuts
     D:1: 724 daAuts
     D:3: 647 daAuts
